 Dungeon Crawl Stone Soup version 0.32-a0-42-ga30500b4d3 (webtiles) character file.

Game seed: 2906159523427709316

37452 jlumianski the Grappler (level 13, -7/101 HPs)
             Began as a Gnoll Shapeshifter on Feb 2, 2024.
             Was a High Priest of Wu Jian.
             Killed from afar by Fannar (52 damage)
             ... with a bolt of cold
             ... on level 3 of the Lair of Beasts.
             The game lasted 01:40:43 (14945 turns).

jlumianski the Grappler (Gnoll Shapeshifter)       Turns: 14945, Time: 01:40:44

Health: -7/101     AC: 12    Str: 18    XL:     13   Next: 96%
Magic:  26/26      EV: 20    Int: 10    God:    Wu Jian [*****.]
Gold:   1025       SH:  0    Dex: 12    Spells: 27/30 levels left

rFire   x .          .
                       - Unarmed
rCold   . . .        (shield currently unavailable)
rNeg    . . .        g - melded +0 scale mail
rPois   +            z - +5 helmet "Baogaem" {Will+ Stlth+}
rElec   .            e - +1 cloak
rCorr   .            (no gloves)
SInv    .            (no boots)
Will    +....        p - amulet of regeneration
Stlth   ++           s - +4 ring of protection
HPRegen 1.16/turn    E - ring of poison resistance
MPRegen 0.20/turn

%: no passive effects
@: flux-form, glowing
A: glow, contaminating, fangs 1, strong nose, distributed training, talons 1,
wild magic 1, heat vulnerability 1
a: Begin Untransformation, Renounce Religion, Wall Jump, Serpent's Lash,
Heavenly Storm


You were on level 3 of the Lair of Beasts.
You worshipped Wu Jian.
Wu Jian was extremely pleased with you.
You were something dangerously unstable.
You visited 4 branches of the dungeon, and saw 20 of its levels.
You also visited: Ossuary.

You collected 1025 gold pieces.

Inventory:

Hand Weapons
 w - a +0 lajatang
Missiles
 P - 4 atropa-tipped darts (quivered)
Armour
 e - a +1 cloak (worn)
 g - a +0 scale mail (melded)
 i - a +0 pair of boots
 u - +0 acid dragon scales
 y - an orb of wrath
 z - the +5 helmet "Baogaem" (worn) {Will+ Stlth+}
   (You found it on level 5 of the Dungeon)

   Will+:     It increases your willpower.
   Stlth+:    It makes you more stealthy.
Jewellery
 m - a ring of flight
 p - an amulet of regeneration (around neck)
 s - a +4 ring of protection (left hand)
 v - a ring of magical power
 E - a ring of poison resistance (right hand)
 F - an amulet of the acrobat
 G - a ring of protection from fire
 K - a ring of ice
 O - a ring of willpower
Talismans
 c - a beast talisman
 d - a flux talisman (active)
Wands
 a - a wand of acid (14)
 h - a wand of flame (17)
 A - a wand of iceblast (19)
 H - a wand of paralysis (11)
 L - a wand of digging (8)
Scrolls
 k - a scroll of brand weapon
 o - 6 scrolls of identify
 t - 3 scrolls of teleportation
 B - 2 scrolls of silence
 I - a scroll of immolation
 J - 3 scrolls of poison
 M - 2 scrolls of fog
 Q - a scroll of amnesia
 R - a scroll of revelation
 S - 3 scrolls of fear
Potions
 b - 4 potions of lignification
 f - 2 potions of berserk rage
 j - 4 potions of mutation
 l - 4 potions of might
 n - 6 potions of curing
 q - 2 potions of magic
 r - a potion of enlightenment
 x - a potion of brilliance
 C - 4 potions of haste
 D - a potion of heal wounds
Miscellaneous
 N - a tin of tremorstones (2/2)


   Skills:
 + Level 9.5 Fighting
 + Level 9.1 Short Blades
 + Level 9.1 Long Blades
 + Level 9.1 Axes
 + Level 9.1 Maces & Flails
 + Level 9.1 Polearms
 + Level 9.1 Staves
 + Level 9.1 Ranged Weapons
 + Level 9.1 Throwing
 + Level 9.1 Armour
 + Level 10.2 Dodging
 + Level 9.1 Stealth
 + Level 9.1 Shields
 + Level 11.2 Unarmed Combat
 + Level 9.1 Spellcasting
 + Level 7.5 Conjurations
 + Level 7.5 Hexes
 + Level 7.5 Summonings
 + Level 7.5 Necromancy
 + Level 7.5 Translocations
 + Level 7.5 Fire Magic
 + Level 7.5 Ice Magic
 + Level 7.5 Air Magic
 + Level 7.5 Earth Magic
 + Level 7.5 Alchemy
 + Level 9.9 Invocations
 + Level 9.1 Evocations
 + Level 10.6 Shapeshifting


You had 27 spell levels left.
You knew the following spells:

 Your Spells              Type           Power      Damage    Failure   Level
a - Frozen Ramparts       Ice            50%        1d8       3%          3

Your spell library contained the following spells:

 Spells                   Type           Power      Damage    Failure   Level
 Leda's Liquefaction      Alch/Erth      12%        N/A       11%         4
 Manifold Assault         Tloc           25%        N/A       11%         4
 Petrify                  Alch/Erth      25%        N/A       11%         4
 Metabolic Englaciation   Hex/Ice        12%        N/A       26%         5
 Dispersal                Tloc           12%        N/A       78%         6
 Disjunction              Tloc           12%        N/A       100%        8


Dungeon Overview and Level Annotations

Branches:
Dungeon (14/15)            Temple (1/1) D:7            Lair (4/5) D:9
 Shoals (0/4) Lair:2       Spider (0/4) Lair:2          Orc (1/2) D:10
Ossuary (visited)
  Slime: Lair:4-5    Vaults: D:13-14

Altars:
Ashenzari
Cheibriados
Dithmenos
Elyvilon
Fedhas
Gozag
Hepliaklqana
Kikubaaqudgha
Makhleb
Nemelex Xobeh
Okawaru
Qazlal
Ru
Sif Muna
Trog
Uskayaw
Vehumet
Wu Jian
Xom
Yredelemnul
Zin
The Shining One

Shops:
D:9 =   D:12 (

Annotations:
D:6 Jeremiah
D:14 Nessos
Lair:3 Fannar


Innate Abilities, Weirdness & Mutations

You are something dangerously unstable.
You glow with magical radiation, making you easy to see and hit.
Foes you strike become dangerously contaminated with magical radiation.
You are incapable of wielding weapons or throwing items.
You have very sharp teeth.
Your uncanny sense of smell can sniff out nearby items.
Your experience applies equally to all skills.
You have sharp toenails.
Your spells are a little harder to cast, but a little more powerful.
You are vulnerable to heat. (rF-)


Message History

Your bite misses the blink frog.
The blink frog is almost dead.
The blink frog completely misses you. x2
You barely miss the blink frog.
The blink frog is almost dead.
The blink frog completely misses you. The blink frog hits you!
The blink frog closely misses you.
You barely miss the blink frog.
The blink frog is almost dead.
The blink frog misses you.
The blink frog blinks!
You closely miss the blink frog. You claw the blink frog.
The blink frog is heavily wounded.
The blink frog barely misses you.
The blink frog blinks!
You hit the blink frog but do no damage.
The blink frog glows dangerously bright.
You claw the blink frog.
The blink frog is heavily wounded.
The blink frog blinks!
Aiming: Wall Jump
Press: ? - help, Dir - move target You repeatedly attack the blink frog from above.
You closely miss the blink frog. Your kick misses the blink frog.
The blink frog is heavily wounded.
You hit the blink frog but do no damage.
The blink frog shudders as magic cascades through it!!!
You kill the blink frog!
The Council accepts your kill.
The blink frog blinks!
The blink frog misses you. The blink frog hits you.
The blink frog blinks!
The blink frog blinks!
The blink frog blinks!
There is a stone staircase leading down here.
Found a stone.
The blink frog blinks!
Fannar the Cold-Hearted comes into view.
They are wielding a staff of cold and wearing a +2 robe of cold resistance.
Fannar shouts!
Fannar points at you and mumbles some strange words.
The bolt of cold hits you!!!
Ouch! That really hurt!
You die...

.....####
#.......#
.....##
#.......##
.....P#
.........#
.#.####
#...e..(##
..##
##........#
..#
#........#
..#
#.......#
.####
##.......#
....#
#..p.....#
....###
#........#
....#.#
##.......#
P....##
##.....>.#
.....##
#P.>.....#
#.....#
##.......#
#.....##
#......F.#
#......#
##†......#
#.....##
#.......##


You could see Fannar and a blink frog (misshapen).

Vanquished Creatures
  Gastronok (D:8)
  Erica (D:9)
  A catoblepas (Lair:1)
  2 boulder beetles
  5 two-headed ogres
  A centaur warrior (D:13)
  A skyshark (Lair:3)
  The ghost of CougarLife the Cleaver, a novice HOFi of Beogh (D:6)
  Pikel (D:7)
  3 harpies (Lair:2)
  2 deep elf pyromancers
  A manticore (D:13)
  A cyclops (D:12)
  A black mamba (Lair:3)
  4 elephants (Lair:1)
  A gargoyle (D:11)
  6 cane toads
  A rime drake (Lair:1)
  An unseen horror (D:10)
  12 komodo dragons
  3 trolls
  5 polar bears
  12 blink frogs
  6 slime creatures (D:12)
  A vampire (D:13)
  A wraith (D:13)
  2 shadows
  3 wyverns
  A yak (shapeshifter) (D:9)
  38 yaks
  4 basilisks
  5 vampire mosquitoes (D:11)
  Edmund (D:6)
  8 water moccasins
  3 acid dragons
  3 black bears
  An ice beast (D:7)
  4 orc warriors
  2 sky beasts (D:7)
  9 wolves
  4 boggarts (Lair:2)
  4 centaurs
  A crocodile (shapeshifter) (D:14)
  2 lemures (D:7)
  3 elf zombies (Ossuary)
  2 kobold brigands
  8 bullfrogs
  4 scorpions
  2 gnoll sergeants
  5 wights (D:10)
  5 howler monkeys
  3 jellies
  2 hounds (D:7)
  A centaur zombie (Ossuary)
  3 human zombies (Ossuary)
  7 orc priests
  3 iguanas
  Natasha (twice) (D:4)
  8 orc wizards
  2 crocodile zombies (Ossuary)
  A spectral hound (Ossuary)
  A scorpion simulacrum (Ossuary)
  3 mummies (Ossuary)
  17 gnolls
  2 adders
  A hound simulacrum (Ossuary)
  A shadow imp (D:7)
  2 ufetubi (D:7)
  3 spectral adders (Ossuary)
  4 spectral gnolls (Ossuary)
  2 adder simulacra (Ossuary)
  55 orcs
  8 endoplasms
  5 giant cockroaches
  6 gnoll zombies (Ossuary)
  4 goblins
  10 hobgoblins
  8 jackals
  13 kobolds
  4 quokkas
  6 ball pythons
  5 bats
  4 frilled lizards
  2 gnoll simulacra (Ossuary)
  4 jackal simulacra (Ossuary)
  7 kobold zombies (Ossuary)
  3 orc zombies (Ossuary)
  4 rats
  2 spectral jackals (Ossuary)
417 creatures vanquished.

Notes
Turn   | Place    | Note
-------+----------+-------------------------------------------
     0 | D:1      | jlumianski the Gnoll Shapeshifter began the quest for the
                  | Orb.
     0 | D:1      | Reached XP level 1. HP: 17/17 MP: 1/1
   248 | D:1      | Reached XP level 2. HP: 20/23 MP: 2/2
   627 | D:1      | Reached XP level 3. HP: 25/25 MP: 3/3
   776 | D:2      | Found a faded altar of an unknown god.
   804 | D:2      | Reached skill level 1 in Invocations
   831 | D:2      | Noticed a scorpion
   839 | D:2      | Killed a scorpion
   840 | D:2      | Reached skill level 1 in Short Blades
   840 | D:2      | Reached skill level 1 in Long Blades
   840 | D:2      | Reached skill level 1 in Axes
   840 | D:2      | Reached skill level 1 in Maces & Flails
   840 | D:2      | Reached skill level 1 in Polearms
   840 | D:2      | Reached skill level 1 in Staves
   840 | D:2      | Reached skill level 1 in Ranged Weapons
   840 | D:2      | Reached skill level 1 in Throwing
   840 | D:2      | Reached skill level 1 in Armour
   840 | D:2      | Reached skill level 1 in Stealth
   840 | D:2      | Reached skill level 1 in Shields
   840 | D:2      | Reached skill level 1 in Spellcasting
   840 | D:2      | Reached skill level 1 in Conjurations
   840 | D:2      | Reached skill level 1 in Hexes
   840 | D:2      | Reached skill level 1 in Summonings
   840 | D:2      | Reached skill level 1 in Necromancy
   840 | D:2      | Reached skill level 1 in Translocations
   840 | D:2      | Reached skill level 1 in Fire Magic
   840 | D:2      | Reached skill level 1 in Ice Magic
   840 | D:2      | Reached skill level 1 in Air Magic
   840 | D:2      | Reached skill level 1 in Earth Magic
   840 | D:2      | Reached skill level 1 in Alchemy
   840 | D:2      | Reached skill level 1 in Evocations
   840 | D:2      | Reached XP level 4. HP: 23/34 MP: 5/5
  1055 | D:2      | Reached XP level 5. HP: 40/40 MP: 7/7
  1331 | D:3      | Found a glowing silver altar of Zin.
  1383 | D:3      | Noticed an angel
  1387 | D:3      | Found a shimmering altar of Xom.
  1511 | D:2      | Gained mutation: You have hidden genetic potential. [potion
                  | of mutation]
  1511 | D:2      | Gained mutation: You are vulnerable to heat. (rF-) [potion
                  | of mutation]
  1541 | D:3      | Found a hazy altar of Hepliaklqana.
  2041 | D:3      | Reached XP level 6. HP: 37/47 MP: 8/8
  2352 | D:5      | Entered Level 5 of the Dungeon
  2517 | D:4      | Reached skill level 5 in Dodging
  2536 | D:4      | Gained mutation: You have sharp toenails. [hidden
                  | potential]
  2705 | D:4      | Identified the +0 trident of Intimidation {protect, rC+
                  | Str+2}
  2709 | D:4      | Noticed Natasha
  2713 | D:4      | Killed Natasha
  2984 | D:4      | Noticed Natasha
  2987 | D:4      | Killed Natasha
  3197 | D:5      | Reached skill level 7 in Unarmed Combat
  3197 | D:5      | Reached XP level 7. HP: 52/52 MP: 10/10
  3224 | D:5      | Identified the +5 helmet "Baogaem" {Will+ Stlth+}
  3376 | D:6      | Gained mutation: Your spells are a little harder to cast,
                  | but a little more powerful. [hidden potential]
  3376 | D:6      | Lost mutation: You have hidden genetic potential. [hidden
                  | potential expressed]
  3492 | D:6      | Found a sand-covered staircase.
  3505 | Ossuary  | Entered an ossuary
  3702 | Ossuary  | Reached XP level 8. HP: 58/60 MP: 12/12
  4658 | D:6      | Noticed Edmund
  4667 | D:6      | Killed Edmund
  5288 | D:6      | Found a shadowy altar of Dithmenos.
  5347 | D:6      | Found a runed translucent gate.
  5349 | D:6      | Found a runed translucent gate.
  5349 | D:6      | Found a runed translucent gate.
  5350 | D:6      | Noticed CougarLife's ghost (novice HOFi)
  5352 | D:6      | Identified the +0 plate armour of Instinct {Harm Rampage
                  | rF++ Dex-3}
  5609 | D:6      | Noticed Jeremiah
  5996 | D:7      | Reached XP level 9. HP: 67/67 MP: 13/15
  6224 | D:7      | Reached skill level 5 in Fighting
  6407 | D:6      | Identified the +0 pair of gloves of Ekihejuy {rC+ rN+
                  | Will-}
  6450 | D:6      | Killed CougarLife's ghost
  6451 | D:6      | Reached skill level 8 in Unarmed Combat
  6451 | D:6      | Reached skill level 5 in Invocations
  6729 | D:7      | Found a staircase to the Ecumenical Temple.
  6746 | Temple   | Entered the Ecumenical Temple
  6779 | Temple   | Became a worshipper of the Wu Jian Council
  7150 | D:7      | Noticed Pikel
  7176 | D:7      | Killed Pikel
  7177 | D:7      | Reached skill level 5 in Short Blades
  7177 | D:7      | Reached skill level 5 in Long Blades
  7177 | D:7      | Reached skill level 5 in Axes
  7177 | D:7      | Reached skill level 5 in Maces & Flails
  7177 | D:7      | Reached skill level 5 in Polearms
  7177 | D:7      | Reached skill level 5 in Staves
  7177 | D:7      | Reached skill level 5 in Ranged Weapons
  7177 | D:7      | Reached skill level 5 in Throwing
  7177 | D:7      | Reached skill level 5 in Armour
  7177 | D:7      | Reached skill level 5 in Stealth
  7177 | D:7      | Reached skill level 5 in Shields
  7177 | D:7      | Reached skill level 5 in Spellcasting
  7177 | D:7      | Reached skill level 5 in Evocations
  7177 | D:7      | Reached XP level 10. HP: 68/76 MP: 17/17
  7391 | D:8      | Noticed Gastronok
  7421 | D:8      | Killed Gastronok
  7440 | D:8      | Found a blossoming altar of Fedhas.
  7475 | D:9      | Found Daonul's Jewellery Shop.
  7659 | D:8      | Reached * piety under Wu Jian
  8167 | D:10     | Entered Level 10 of the Dungeon
  8457 | D:9      | Reached skill level 9 in Unarmed Combat
  8598 | D:10     | Found an ancient bone altar of Kikubaaqudgha.
  8607 | D:10     | Reached skill level 5 in Conjurations
  8607 | D:10     | Reached skill level 5 in Hexes
  8607 | D:10     | Reached skill level 5 in Summonings
  8607 | D:10     | Reached skill level 5 in Necromancy
  8607 | D:10     | Reached skill level 5 in Translocations
  8607 | D:10     | Reached skill level 5 in Fire Magic
  8607 | D:10     | Reached skill level 5 in Ice Magic
  8607 | D:10     | Reached skill level 5 in Air Magic
  8607 | D:10     | Reached skill level 5 in Earth Magic
  8607 | D:10     | Reached skill level 5 in Alchemy
  8615 | D:10     | Noticed a boulder beetle
  8643 | D:10     | Killed a boulder beetle
  8644 | D:10     | Reached XP level 11. HP: 80/83 MP: 20/20
  8688 | D:10     | You fall into a shaft and drop 3 floors!
  8691 | D:13     | Noticed a centaur warrior
  8704 | D:13     | Killed a centaur warrior
  8879 | D:12     | Noticed a two-headed ogre
  8908 | D:11     | Noticed a two-headed ogre
  8927 | D:11     | Killed a two-headed ogre
  9113 | D:9      | Noticed Erica
  9121 | D:9      | Killed Erica
  9121 | D:9      | Reached ** piety under Wu Jian
  9220 | D:9      | Found a staircase to the Lair.
  9277 | Lair:1   | Entered Level 1 of the Lair of Beasts
  9590 | D:10     | Noticed a two-headed ogre
  9593 | D:10     | Found a stormy altar of Qazlal.
  9598 | D:10     | Killed a two-headed ogre
  9824 | D:10     | Found a staircase to the Orcish Mines.
  9904 | D:10     | Learned a level 3 spell: Frozen Ramparts
 10653 | D:11     | Noticed a deep elf pyromancer
 10662 | D:11     | Killed a deep elf pyromancer
 10663 | D:11     | Reached XP level 12. HP: 31/91 MP: 22/22
 11106 | D:12     | Reached *** piety under Wu Jian
 11156 | D:12     | Found Wugi's Weapon Shoppe.
 11330 | D:12     | Noticed a two-headed ogre
 11353 | D:12     | Reached skill level 10 in Unarmed Combat
 11353 | D:12     | Killed a two-headed ogre
 11416 | D:12     | Killed a two-headed ogre
 11737 | D:14     | Noticed Nessos
 11737 | D:14     | Noticed a death knight
 11757 | D:13     | Noticed a two-headed ogre
 11790 | D:13     | Killed a two-headed ogre
 12145 | Orc:1    | Entered Level 1 of the Orcish Mines
 12469 | Lair:1   | Noticed a catoblepas
 12730 | Lair:1   | Reached **** piety under Wu Jian
 12731 | Lair:1   | Reached XP level 13. HP: 61/99 MP: 22/25
 12739 | Lair:1   | Reached skill level 10 in Shapeshifting
 13553 | Lair:3   | Found a frozen archway.
 13665 | Lair:2   | Identified the +4 whip of Brutal Revenge {venom, rElec
                  | Str-4 Dex+3}
 13717 | Lair:2   | Found a hole to the Spider Nest.
 13841 | Lair:2   | Reached ***** piety under Wu Jian
 13863 | Lair:2   | Reached skill level 10 in Dodging
 13863 | Lair:2   | Reached skill level 11 in Unarmed Combat
 13891 | Lair:2   | Found a staircase to the Shoals.
 14943 | Lair:3   | Noticed Fannar
 14945 | Lair:3   | Killed from afar by Fannar

Illustrated notes

Levels and vault maps discovered:
D:1:      dpeg_arrival_tiny_i, layout_loops_ring, minmay_misc_feat_roman,
          serial_bayou_pond_c
D:2:      layout_rooms, ebering_ecumenical_altar_mist
D:3:      layout_basic, grunt_temple_overflow_order_and_chaos_1,
          general_overflow_altar
D:4:      layout_loops_ring, uniq_natasha
D:5:      layout_cave_pods, minmay_misc_feat_secret_circle
D:6:      layout_loops_corners, lemuel_crystal_altar,
          biasface_ghost_orc_armoury, mainiacjoe_ossuary_entry_dusty_tomb,
          uniq_jeremiah, uniq_edmund
D:7:      layout_rooms, minmay_temple_entry_fiery, uniq_pikel
D:8:      layout_rooms, fedhas_ov_isle_minmay, uniq_gastronok
D:9:      layout_basic, erik_lair_dragon, serial_shops,
          nicolae_shop_window_shopping, uniq_erica
D:10:     layout_roguey, old_standard_altar, nicolae_qazlal_style_of_elements,
          david_orc_2
D:11:     layout_loops_ring, minivault_27
D:12:     layout_irregular_city, serial_shops, shop, nicolae_twisting_strands,
          fungi_pond_lemuel
D:13:     nzn_winding_woodlands_large [nzn_winding_woodlands_5x5_checkerboard,
          nzn_winding_woodlands_5x15_lazy_stream,
          nzn_winding_woodlands_5x5_perimeter,
          nzn_winding_woodlands_center_garden,
          nzn_winding_woodlands_15x15_five_gardens,
          nzn_winding_woodlands_center_lodge,
          nzn_winding_woodlands_5x5_closed_star,
          nzn_winding_woodlands_5x15_cabin, nzn_winding_woodlands_hourglass],
          layout_basic, grunt_decor_cap
D:14:     layout_roguey, grunt_vaults_entry_fortified, nicolae_uskayaw_suspiria,
          uniq_nessos
Temple:   nicolae_temple_superstar
Lair:1:   layout_roguey, serial_bayou_pond_e, st_stairs_8, grunt_megastairs_5
Lair:2:   layout_chaotic_city, nicolae_shoals_entry_roost,
          spider_nest_entry_web_field, kilobyte_rumbling_trees
Lair:3:   layout_cellular_growth, portal_ice_cave_entry_pillars_2, uniq_fannar
Lair:4:   layout_roguey, slime_entry_2
Orc:1:    layout_caves

Skill      XL: |  1  2  3  4  5  6  7  8  9 10 11 12 13 |
---------------+----------------------------------------+-----
Invocations    | 1 2 3 4 5 6 7 8 9 |  9.9
Short Blades   | 1 2 3 4 5 6 7 8 9 |  9.1
Long Blades    | 1 2 3 4 5 6 7 8 9 |  9.1
Axes           | 1 2 3 4 5 6 7 8 9 |  9.1
Maces & Flails | 1 2 3 4 5 6 7 8 9 |  9.1
Polearms       | 1 2 3 4 5 6 7 8 9 |  9.1
Staves         | 1 2 3 4 5 6 7 8 9 |  9.1
Ranged Weapons | 1 2 3 4 5 6 7 8 9 |  9.1
Throwing       | 1 2 3 4 5 6 7 8 9 |  9.1
Armour         | 1 2 3 4 5 6 7 8 9 |  9.1
Stealth        | 1 2 3 4 5 6 7 8 9 |  9.1
Shields        | 1 2 3 4 5 6 7 8 9 |  9.1
Spellcasting   | 1 2 3 4 5 6 7 8 9 |  9.1
Conjurations   | 1 2 3 4 5 6 7 |  7.5
Hexes          | 1 2 3 4 5 6 7 |  7.5
Summonings     | 1 2 3 4 5 6 7 |  7.5
Necromancy     | 1 2 3 4 5 6 7 |  7.5
Translocations | 1 2 3 4 5 6 7 |  7.5
Fire Magic     | 1 2 3 4 5 6 7 |  7.5
Ice Magic      | 1 2 3 4 5 6 7 |  7.5
Air Magic      | 1 2 3 4 5 6 7 |  7.5
Earth Magic    | 1 2 3 4 5 6 7 |  7.5
Alchemy        | 1 2 3 4 5 6 7 |  7.5
Evocations     | 1 2 3 4 5 6 7 8 9 |  9.1
Fighting       | 3 4 5 6 7 8 9 |  9.5
Dodging        | 5 6 7 8 9 10 | 10.2
Unarmed Combat | 7 8 9 10 11 | 11.2
Shapeshifting  | 7 8 9 10 | 10.6

Action                     |  1- 3 |  4- 6 |  7- 9 | 10-12 | 13-15 || total
---------------------------+-------+-------+-------+-------+-------++-------
  Melee: Unarmed           |    55 |   129 |   389 |   640 |   423 ||  1636
         Bite              |     5 |    10 |    60 |    93 |    68 ||   236
         Punch             |     1 |     4 |       |       |       ||     5
         Kick              |       |     6 |   135 |   270 |   152 ||   563
  Throw: Dart              |     4 |     2 |       |       |       ||     6
   Cast: Frozen Ramparts   |       |       |       |    11 |     4 ||    15
Ability: Lunge             |       |       |     1 |    54 |    19 ||    74
         Whirlwind         |       |       |       |    31 |    35 ||    66
         Wall Jump         |       |       |       |    33 |    46 ||    79
  Evoke: Wand              |       |       |     2 |     6 |       ||     8
    Use: Potion            |     1 |     1 |     1 |     7 |       ||    10
         Scroll            |       |     4 |    10 |    10 |     2 ||    26
   Stab: Sleeping          |       |       |     3 |    10 |     3 ||    16
         Distracted        |       |       |       |       |     1 ||     1
 Armour: Scale mail        |    40 |    86 |       |       |       ||   126
         Animal skin       |     3 |       |       |       |       ||     3
         Skin              |       |       |   135 |   294 |   187 ||   616
  Dodge: Dodged            |    22 |    69 |   325 |   486 |   361 ||  1263
   Form: Flux              |       |       |     1 |       |       ||     1

Table legend: (Time is in decaauts)
 A = Elapsed time spent in this place.
 B = Non-inter-level travel time spent in this place.
 C = Inter-level travel time spent in this place.
 D = Time resting spent in this place.
 E = Time spent auto-exploring this place.
 F = Levels seen in this place.
 G = Mean time per level.
                   A        B        C        D        E       F      G
               +--------+--------+--------+--------+--------+-----+--------+
         Total |  14957 |  14470 |    487 |    829 |   5842 |  21 |  712.2 |
       Dungeon |  11283 |  10837 |    446 |    577 |   4503 |  14 |  805.9 |
        Temple |     66 |     66 |      0 |      0 |      0 |   1 |   66.0 |
          Lair |   2744 |   2704 |     40 |     52 |   1321 |   4 |  686.0 |
  Orcish Mines |      6 |      6 |      0 |      0 |      0 |   1 |    6.0 |
       Ossuary |    856 |    856 |      0 |    200 |     17 |   1 |  856.0 |
               +--------+--------+--------+--------+--------+-----+--------+

Top non-repeatable levels by time:
     D:6: 1307 daAuts
  Lair:1: 1257 daAuts
  Lair:2: 1041 daAuts
    D:12: 989 daAuts
     D:9: 975 daAuts
     D:5: 947 daAuts
    D:11: 940 daAuts
     D:7: 935 daAuts
    D:10: 917 daAuts
     D:1: 868 daAuts
 Ossuary: 856 daAuts
     D:4: 854 daAuts
     D:3: 758 daAuts
     D:8: 685 daAuts
     D:2: 596 daAuts
